 Dungeon Sprint DCSS version 0.30-a0-996-ga6910c8ee8 (webtiles) character file.

Game seed: 5034135645764573286

1087 DiggyJ the Grappler (level 8, 0/133 HPs)
             Began as a Troll Berserker on Apr 4, 2023.
             Was a High Priest of Trog.
             Slain by a water moccasin (4 damage)
             ... in the Dungeon (Sprint II: "The Violet Keep of Menkaure").
             The game lasted 00:02:04 (244 turns).

DiggyJ the Grappler (Troll Berserker)                Turns: 244, Time: 00:02:04

Health: 0/133      AC:  4    Str: 28    XL:     8   Next: 9%
Magic:  7/7        EV: 12    Int:  3    God:    Trog [*****.]
Gold:   742        SH:  0    Dex:  9    Spells: 7/7 levels left

rFire   . . .      SeeInvis .      - Unarmed
rCold   . . .      Faith    .    (no shield)
rNeg    . . .      Spirit   .    a - +0 animal skin
rPois   .          Reflect  .    (helmet restricted)
rElec   .          Rampage  .    (no cloak)
rCorr   .          NoTele   +    (gloves unavailable)
Will    .....                    (boots unavailable) Stlth
                                 (no amulet)
HPRegen 1.22/turn                (no ring)
MPRegen 0.10/turn                (no ring)

@: berserking, very quick
A: large, unfitting armour, claws 3, regeneration 1, shaggy fur 1, tough skin 1
a: Renounce Religion, Berserk, Trog's Hand, Brothers in Arms


You were in the Dungeon.
You worshipped Trog.
Trog was extremely pleased with you.
You visited 1 branch You collected 742 gold pieces.

Inventory:

Armour
 a - a +0 animal skin (worn)
Scrolls
 g - a scroll of blinking
Potions
 b - a potion of curing
 c - a potion of heal wounds
 d - a potion of haste
 e - 2 potions of magic
 f - a potion of berserk rage


   Skills:
 + Level 8.5 Fighting
 + Level 8.4 Dodging
 + Level 12.0 Unarmed Combat


You had 7 spell levels left.
You didn't know any spells.
Your spell library was empty.

Dungeon Overview and Level Annotations

Branches:
Dungeon (1/1)

Altars:
Cheibriados
Dithmenos
Elyvilon
Fedhas
Gozag
Hepliaklqana
Kikubaaqudgha
Makhleb
Qazlal
Ru
Sif Muna
Trog
Wu Jian
Xom
Jiyva
Lugonu

Shops:
D =:(:?[=(?[![!(*

Annotations:
D exclusions: ice statue and oklob plant


Innate Abilities, Weirdness & Mutations

You are too large for most types of armour.
You have claws for hands.
Your natural rate of healing is unusually fast.
You are covered in fur. (AC +1)
You have tough skin. (AC +1)


Message History

The water moccasin is lightly wounded.
The water moccasin closely misses you.
Tentacles burst out of the water!
The water moccasin bites you! 2 tentacles come into view.
You miss the water moccasin.
The water moccasin is lightly wounded.
The water moccasin barely misses you. The tentacle slaps you!!
The water moccasin closely misses you. The water moccasin misses you.
You barely miss the water moccasin.
The water moccasin is lightly wounded.
The tentacle slaps you! The water moccasin bites you!
The water moccasin closely misses you.
You claw the water moccasin!
The water moccasin is moderately wounded.
The tentacle barely misses you. The water moccasin barely misses you.
The water moccasin bites you. The tentacle barely misses you.
You barely miss the water moccasin.
The water moccasin is moderately wounded.
The tentacle slaps you!!
* * * LOW HITPOINT WARNING * * *
The water moccasin barely misses you.
The water moccasin bites you but does no damage.
You miss the water moccasin.
The water moccasin is moderately wounded.
The tentacle slaps you!
* * * LOW HITPOINT WARNING * * *
The water moccasin closely misses you. x2
A red film seems to cover your vision as you go berserk!
You feel yourself moving faster!
You feel mighty! The tentacle closely misses you.
The water moccasin bites you but does no damage.
The water moccasin barely misses you. The tentacle slaps you.
* * * LOW HITPOINT WARNING * * *
You miss the water moccasin.
The water moccasin is moderately wounded.
The water moccasin hisses angrily.
The water moccasin bites you.
* * * LOW HITPOINT WARNING * * *
The water moccasin bites you.
You die...

# +.### )▓$!))?!)?▓▓ #
...# #▓!$?(:?)$▓▓ ##
#..# #▓!$(?!!?)▓▓ .#
+..# #▓)!$$([[$▓▓ .#
#..# #▓[??!?$??▓▓
.####..####▓?()!!$$!▓▓
...###...##▓▓▓▓▓▓▓+▓▓▓▓+
.....~~~~~~~~~~S@w───X≈≈
...§.~#+########S###www≈
~~~..~#....._..#~~~# ≈
~~~~.~#...._._.#§§≈§#
§~~~~†#..._._._#§~§~≈
≈≈§~~~#.._._._.#§§§§§≈
§≈≈≈≈~#._._._._#§§§~~§
≈###≈≈#_._._._.#§§§§≈S#
≈#


You could see a kraken, 4 tentacles and 3 water moccasins.

Vanquished Creatures
  A merfolk siren (D)
  A blink frog (D)
  A water moccasin (D)
  4 necrophages (D)
  4 scorpions (D)
  3 worms (D)
14 creatures vanquished.

Vanquished Creatures (others)
  Menkaure (D)
  A water moccasin (D)
2 creatures vanquished.

Grand Total: 16 creatures vanquished

Notes
Turn   | Place    | Note
-------+----------+-------------------------------------------
     0 | D        | DiggyJ the Troll Berserker began the quest for the Orb.
     0 | D        | Reached XP level 1. HP: 22/22 MP: 0/0
    13 | D        | Reached ** piety under Trog
    14 | D        | Reached skill level 4 in Unarmed Combat
    14 | D        | Reached XP level 2. HP: 28/31 MP: 1/1
    20 | D        | Noticed a scorpion
    20 | D        | Noticed a scorpion
    22 | D        | Killed Menkaure
    30 | D        | Killed a scorpion
    31 | D        | Reached skill level 5 in Unarmed Combat
    31 | D        | Reached XP level 3. HP: 39/39 MP: 2/2
    32 | D        | Noticed a scorpion
    32 | D        | Noticed a scorpion
    33 | D        | Killed a scorpion
    34 | D        | Reached skill level 5 in Fighting
    34 | D        | Reached skill level 5 in Dodging
    34 | D        | Reached skill level 6 in Unarmed Combat
    34 | D        | Reached XP level 4. HP: 50/50 MP: 3/3
    36 | D        | Killed a scorpion
    37 | D        | Reached skill level 7 in Unarmed Combat
    37 | D        | Reached XP level 5. HP: 58/58 MP: 4/4
    39 | D        | Reached *** piety under Trog
    40 | D        | Reached skill level 8 in Unarmed Combat
    46 | D        | Noticed a merfolk siren
    52 | D        | Killed a water moccasin
    55 | D        | Killed a merfolk siren
    56 | D        | Reached skill level 10 in Unarmed Combat
    56 | D        | Reached XP level 6. HP: 63/71 MP: 5/5
    56 | D        | Reached XP level 7. HP: 70/78 MP: 6/6
    60 | D        | Found Ciabriacs's General Store.
    60 | D        | Found Biopely's Antique Armour Boutique.
    60 | D        | Found Ixkeyta's Antique Weapon Boutique.
    60 | D        | Found Inurid's Distillery.
    61 | D        | Found Zagatunt's Antique Armour Shop.
    61 | D        | Found Ythrae's Magic Scroll Boutique.
    61 | D        | Found Ohohetud's Weapon Shop.
    61 | D        | Found Gala's Jewellery Boutique.
    62 | D        | Found Wemom's Antique Armour Boutique.
    62 | D        | Found Japu Zea's Magic Scroll Shop.
    62 | D        | Noticed a wyvern
    63 | D        | Found Deid Xus's Distillery.
    63 | D        | Noticed a wyvern
    64 | D        | Found Pagakh's Book Boutique.
    64 | D        | Found Deott's Weapon Shop.
    64 | D        | Noticed a wyvern
    64 | D        | Noticed an oklob plant
    65 | D        | Found Ydoibeuna's Book Shoppe.
    65 | D        | Found Puxtak's Jewellery Boutique.
    77 | D        | Noticed a wyvern
    78 | D        | Noticed a wyvern
   122 | D        | Noticed a blink frog
   129 | D        | Killed a blink frog
   129 | D        | Reached **** piety under Trog
   130 | D        | Reached skill level 11 in Unarmed Combat
   152 | D        | Reached ***** piety under Trog
   153 | D        | Reached XP level 8. HP: 83/89 MP: 7/7
   154 | D        | Reached skill level 12 in Unarmed Combat
   182 | D        | Noticed an ice statue
   219 | D        | Found a blossoming altar of Fedhas.
   220 | D        | Found a white marble altar of Elyvilon.
   221 | D        | Found an opulent altar of Gozag.
   221 | D        | Found a burning altar of Makhleb.
   222 | D        | Found a shadowy altar of Dithmenos.
   222 | D        | Found a corrupted altar of Lugonu.
   223 | D        | Found a snail-covered altar of Cheibriados.
   223 | D        | Found an ancient bone altar of Kikubaaqudgha.
   223 | D        | Found a bloodstained altar of Trog.
   224 | D        | Found a viscous altar of Jiyva.
   224 | D        | Found a shimmering blue altar of Sif Muna.
   225 | D        | Found a hazy altar of Hepliaklqana.
   225 | D        | Found a sacrificial altar of Ru.
   226 | D        | Found a stormy altar of Qazlal.
   226 | D        | Found an ornate altar of the Wu Jian Council.
   226 | D        | Found a shimmering altar of Xom.
   234 | D        | Noticed a kraken
   243 | D        | HP: 6/133 [tentacle[a kraken] (4)]
   244 | D        | Slain by a water moccasin

Illustrated notes

Levels and vault maps discovered:
D:        the_violet_keep_of_menkaure [sprint2_stairs_cluster_1,
          sprint2_shoproom, sprint2_temple, sprint2_basic_supplies,
          sprint2_obstacle_7, sprint2_obstacle_1, sprint2_obstacle_2,
          sprint2_obstacle_4, sprint2_obstacle_5, sprint2_timed_cluster_1,
          sprint2_smallroom_cluster_1, sprint2_smallroom_final_cluster_1,
          sprint2_transparent_cluster_1, sprint2_second_timed_cluster_1,
          sprint2_sniper_area_1, sprint2_heavy_combat_area_1,
          sprint2_mutation_trap_area_1, sprint2_forest_area_1,
          sprint2_light_combat_area_1, sprint2_behind_water_1,
          sprint2_near_end_vault_1]

Skill      XL: |  1  2  3  4  5  6  7  8 |
---------------+-------------------------+-----
Fighting       | 3 4 5 7 8 |  8.5
Dodging        | 3 4 5 7 8 |  8.4
Unarmed Combat | 4 5 6 7 10 11 12 | 12.0

Action                     |  1- 3 |  4- 6 |  7- 9 || total
---------------------------+-------+-------+-------++-------
  Melee: Unarmed           |    18 |    12 |    20 ||    50
         Punch             |     2 |       |       ||     2
 Invoke: Berserk           |       |       |     1 ||     1
 Armour: Animal skin       |     3 |     1 |     2 ||     6
  Dodge: Dodged            |     7 |     3 |    20 ||    30

Table legend: (Time is in decaauts)
 A = Elapsed time spent in this place.
 B = Non-inter-level travel time spent in this place.
 C = Inter-level travel time spent in this place.
 D = Time resting spent in this place.
 E = Time spent auto-exploring this place.
 F = Levels seen in this place.
 G = Mean time per level.
                   A        B        C        D        E       F      G
               +--------+--------+--------+--------+--------+-----+--------+
         Total |    236 |    232 |      4 |      2 |      0 |   1 |  236.0 |
       Dungeon |    236 |    232 |      4 |      2 |      0 |   1 |  236.0 |
               +--------+--------+--------+--------+--------+-----+--------+

Top non-repeatable levels by time:
       D: 236 daAuts
